 Dungeon Crawl Stone Soup version 0.23-a0-386-g9c9d49f (webtiles) character file.

41 iamserjio the Ducker (level 3, 17/17 HPs)
             Began as a Felid Chaos Knight on Oct 28, 2018.
             Was a Plaything of Xom.
             Quit the game on level 3 of the Dungeon.
             The game lasted 00:04:41 (2709 turns).

iamserjio the Ducker (Felid Chaos Knight)           Turns: 2709, Time: 00:04:42

Health: 17/17      AC:  1    Str:  8    XL:     3   Next: 32%
Magic:  4/4        EV: 20    Int: 14    God:    Xom [*.....]
Gold:   68         SH:  0    Dex: 15    Spells: 2/2 levels left
                                        Lives:  0   Deaths: 1

rFire    . . .     SeeInvis +     - Unarmed
rCold    . . .     Gourm    .   (shield unavailable)
rNeg     . . .     Faith    .   (armour unavailable)
rPois    +         Spirit   .   (helmet unavailable)
rElec    .         Reflect  .   (cloak unavailable)
rCorr    .         Harm     .   (gloves unavailable)
MR       .....                  (boots unavailable)
Stlth    +++.......             (no amulet)
HPRegen  0.05/turn              e - ring of poison resistance
MPRegen  0.09/turn              (no ring)

@: quick
A: very small, no armour, no weapons or thrown items, stealth, claws 1, fangs 3,
see invisible, carnivore, speed 1, shaggy fur 1, slow metabolism 1, MP-powered
wands, sharp paws
a: Renounce Religion


You were on level 3 of the Dungeon.
You worshipped Xom.
You were a special plaything of Xom.
You were not hungry.

You visited 1 branch of the dungeon, and saw 3 of its levels.

You collected 68 gold pieces.

Inventory:

Missiles
 b - 31 arrows
Jewellery
 e - a ring of poison resistance (left paw)
 g - a cursed ring of attention {unknown}
 l - an uncursed ring of stealth {unknown}
Scrolls
 i - a scroll of noise
Potions
 d - 2 potions of flight
 h - 2 potions of curing {unknown}
 j - a potion of resistance {unknown}
 k - a potion of lignification {unknown}
Comestibles
 a - 7 rations
 m - 3 chunks of flesh


   Skills:
 - Level 3.0 Fighting
 * Level 4.7 Dodging
 * Level 3.6 Stealth
 + Level 3.5 Unarmed Combat


You had 2 spell levels left.
You didn't know any spells.
Your spell library was empty.

Dungeon Overview and Level Annotations

Branches:
Dungeon (3/15)

Altars:
Dithmenos
Elyvilon
Hepliaklqana


Innate Abilities, Weirdness & Mutations

You cannot wear armour.
You are incapable of wielding weapons or throwing items.
Your paws allow you to move quietly. (Stealth)
You have sharp claws.
You have razor-sharp teeth.
You have supernaturally acute eyesight. (SInv)
You are carnivorous and can eat meat at any time.
You cover ground quickly.
You are covered in fur. (AC +1)
You have a slow metabolism.
Your sharp claws are effective at attacking unaware monsters.
You expend magic power (3 MP) to strengthen your wands.


Message History

The adder hisses angrily.
The orc hits the orc with a +0 short sword.
You catch the helpless jackal completely off-guard!
You claw the jackal!
You kill the jackal!
The orc closely misses you.
You barely miss the orc.
You flicker back into view.
The orc priest shouts!
You hear a bark!
The orc seems less confused.
The orc closely misses you.
You hear Xom's avuncular chuckle.
The adder reforms as a club.
The orc priest mumbles some strange prayers to Beogh against you.
Beogh smites you!
Ouch! That really hurt!
You die...
Xom snickers!
You are now level 3!
Xom thinks this is hilarious!
You rejoin the land of the living...

.......#..[.##.
####.....?...
#..<#.#####..
#.###.# . #.#
#.# #.# #.# #.#
#.. #.#######
#@.......
#########


There were no monsters in sight!

Vanquished Creatures
  4 adders (D:2)
  A worm (D:2)
  A dart slug (D:1)
  4 leopard geckos
  A giant cockroach (D:1)
  3 goblins
  6 hobgoblins
  A jackal (D:3)
  3 kobolds
  A quokka (D:2)
  A ball python (D:1)
  8 bats
  6 frilled lizards
  7 rats
47 creatures vanquished.

Vanquished Creatures (others)
  4 toadstools (D:1)
4 creatures vanquished.

Grand Total: 51 creatures vanquished

Notes
Turn   | Place    | Note
-------+----------+-------------------------------------------
     0 | D:1      | iamserjio the Felid Chaos Knight began the quest for the
                  | Orb.
     0 | D:1      | Reached XP level 1. HP: 10/10 MP: 2/2
   123 | D:1      | XOM: butterfly on damage
   162 | D:1      | Reached skill level 1 in Stealth
   409 | D:1      | Reached XP level 2. HP: 8/14 MP: 3/3
   631 | D:1      | XOM: butterfly on damage
   631 | D:1      | XOM: smoke on damage
  1060 | D:1      | Reached skill level 4 in Dodging
  1286 | D:2      | Found a white marble altar of Elyvilon.
  1302 | D:2      | Reached XP level 3. HP: 13/17 MP: 4/4
  1768 | D:2      | XOM: mild Hex miscast
  1798 | D:2      | XOM: harmless Erth miscast
  2017 | D:2      | XOM: silly message
  2119 | D:2      | Found a shadowy altar of Dithmenos.
  2125 | D:2      | XOM: summons 2 hostile shadow creatures
  2164 | D:2      | Reached XP level 4. HP: 14/21 MP: 5/5
  2345 | D:2      | XOM: 1-stop teleportation journey
  2436 | D:2      | XOM: give mutation
  2436 | D:2      | Gained mutation: You expend magic power (3 MP) to
                  | strengthen your wands. [Xom's mischief]
  2672 | D:3      | XOM is BORED!
  2672 | D:3      | XOM: 1-stop teleportation journey
  2673 | D:3      | XOM: swap monsters
  2692 | D:3      | Found a hazy altar of Hepliaklqana.
  2706 | D:3      | XOM: snakes to sticks
  2708 | D:3      | Killed from afar by an orc priest
  2709 | D:3      | Reached XP level 3. HP: 0/17 MP: 4/4
  2709 | D:3      | Quit the game

Vault maps used:
D:1:      ldierk_walled_garden_2
D:2:      elyvilon_altar_1, grunt_dithmenos_smoke
D:3:      old_standard_altar, nicolae_overflow_hidden_temple, first_ration,
          minmay_misc_feat_encased

Skill      XL: |  1  2  3 |
---------------+----------+-----
Stealth        | 1 2 3 |  3.6
Dodging        | 4 |  4.7
Fighting       | |  3.0
Unarmed Combat | |  3.5

Action                   |  1- 3 |  4- 6 || total
-------------------------+-------+-------++-------
Melee: Unarmed           |   144 |    44 ||   188
       Bite              |    10 |     6 ||    16
       Punch             |     1 |       ||     1
  Use: Scroll            |       |     3 ||     3
       Potion            |       |     1 ||     1
 Stab: Sleeping          |     5 |     1 ||     6
       Invisible         |       |     3 ||     3
  Eat: Chunk             |     9 |     2 ||    11
Armor: Skin              |    10 |     1 ||    11
Dodge: Dodged            |   112 |    40 ||   152

Table legend:
 A = Non-vault XP
 B = Vault XP
 C = Vault XP percentage of total XP
 D = Non-vault monster count
 E = Vault monster count
 F = Vault count percentage of total count
                 A         B        C        D         E       F
            +---------+---------+-------+---------+---------+-------
      Total |     130 |       0 |   0.0 |      47 |       0 |   0.0
            +---------+---------+-------+---------+---------+-------
        D:1 |      39 |       0 |   0.0 |      26 |       0 |   0.0
        D:2 |      80 |       0 |   0.0 |      17 |       0 |   0.0
        D:3 |      11 |       0 |   0.0 |       4 |       0 |   0.0
            +---------+---------+-------+---------+---------+-------
